 Dungeon Crawl Stone Soup version 0.21-a0-203-gb066a6e (webtiles) character file.

28370 wowwow the Brawler (level 13, -3/135 HPs)
             Began as a Troll Chaos Knight on Aug 19, 2017.
             Slain by a wolf spider (17 damage)
             ... on level 3 of the Lair of Beasts.
             The game lasted 00:26:28 (14577 turns).

wowwow the Brawler (Troll Chaos Knight)            Turns: 14577, Time: 00:26:29

Health: -3/135     AC: 13    Str: 26    XL:     13   Next: 9%
Magic:  12/12      EV: 11    Int:  8    God:    Xom [.....*]
Gold:   948        SH: 11    Dex: 10    Spells: 12/12 levels left

rFire    + + .     SeeInvis +     - Unarmed
rCold    . . .     Gourm    +   t - +0 shield
rNeg     . . .     Faith    +   a - +2 robe
rPois    +         Spirit   .   (helmet restricted)
rElec    .         Reflect  .   y - +1 cloak
rCorr    .         Harm     .   (gloves unavailable)
MR       .....                  (boots unavailable)
Stlth    +.........             U - amulet of faith
HPRegen  0.72/turn              c - +1 ring of evasion
MPRegen  0.13/turn              S - ring "Seqapeg" {rF+ SInv}

@: lethally poisoned (-3 -> -5), about to teleport
A: unfitting armour, claws 3, hooves 1, iridescent scales 1, yellow scales 1,
see invisible, blink, fire resistance 1, fast metabolism 3, gourmand, poison
resistance, regeneration 1, shaggy fur 1, tough skin 2
a: Blink, Renounce Religion


You were on level 3 of the Lair of Beasts.
You worshipped Xom.
You were Xom's teddy bear.
You were very full.

You visited 2 branches of the dungeon, and saw 15 of its levels.

You collected 948 gold pieces.

Inventory:

Armour
 a - a +2 robe (worn)
 t - a +0 shield (worn)
 y - a +1 cloak (worn)
 L - the +3 hat of Pondering {ponderous, MR+ MP+10 Int+5}
   (You took it off Gastronok on level 2 of the Lair of Beasts)

   It affects your intelligence (+5).
   It affects your resistance to hostile enchantments.
   It affects your magic capacity (+10).
Jewellery
 c - a +1 ring of evasion (left claw)
 d - an uncursed ring of ice
 n - an uncursed ring of protection from cold
 S - the ring "Seqapeg" (right claw) {rF+ SInv}
   (Xom gifted it to you on level 11 of the Dungeon)

   [ring of see invisible]

   It protects you from fire.
   It lets you see invisible.
 U - an amulet of faith (around neck)
 X - an uncursed ring of teleportation
Wands
 q - a wand of flame (13/48)
 u - a wand of polymorph (14/24)
 v - a wand of disintegration (6/24)
 x - a wand of digging (16/24)
 C - a wand of clouds (9/9)
 E - a wand of digging (17/24)
 G - a wand of flame (30/48)
 H - a wand of polymorph (11/24)
 I - a wand of digging (13/24)
 K - a wand of paralysis (7/24)
 M - a wand of enslavement (8/24)
 O - a wand of random effects (14/48)
Scrolls
 e - 4 scrolls of remove curse
 j - 7 scrolls of teleportation
 k - 2 scrolls of immolation
 m - a scroll of fog
 o - 4 scrolls of enchant armour
 p - 2 scrolls of amnesia
 r - 4 scrolls of random uselessness
 s - 5 scrolls of enchant weapon
 A - 3 scrolls of recharging
Potions
 g - 4 potions of brilliance
 l - 3 potions of ambrosia
 F - a potion of cancellation
 Q - 2 potions of flight
Books
 B - a book of Conjurations

   Spells                             Type                      Level
   a - Magic Dart                     Conjuration                  1
   b - Searing Ray                    Conjuration                  2
   c - Dazzling Spray                 Conjuration/Hexes            3
   d - Fulminant Prism                Conjuration/Hexes            4
   e - Force Lance                    Conjuration/Translocation    4
   f - Iskenderun's Mystic Blast      Conjuration                  4
 D - a book of Battle

   Spells                             Type                      Level
   a - Infusion                       Charms                       1
   b - Shroud of Golubria             Charms/Translocation         2
   c - Song of Slaying                Charms                       2
   d - Spectral Weapon                Hexes/Charms                 3
   e - Regeneration                   Charms/Necromancy            3
 P - a book of Ice

   Spells                             Type                      Level
   a - Ice Form                       Ice/Transmutation            4
   b - Metabolic Englaciation         Hexes/Ice                    5
   c - Ozocubu's Refrigeration        Ice                          6
   d - Bolt of Cold                   Conjuration/Ice              6
   e - Freezing Cloud                 Conjuration/Ice/Air          6
   f - Simulacrum                     Ice/Necromancy               6
 T - a book of Minor Magic

   Spells                             Type                      Level
   a - Magic Dart                     Conjuration                  1
   b - Blink                          Translocation                2
   c - Call Imp                       Summoning                    2
   d - Slow                           Hexes                        2
   e - Conjure Flame                  Conjuration/Fire             3
   f - Mephitic Cloud                 Conjuration/Poison/Air       3
Comestibles
 b - 8 bread rations
 h - 17 royal jellies
 i - 10 meat rations
 J - 7 fruits


   Skills:
 + Level 10.3 Fighting
 + Level 3.6 Dodging
 - Level 7.5 Shields
 * Level 15.8 Unarmed Combat


You had 12 spell levels left.
You didn't know any spells.

Dungeon Overview and Level Annotations

Branches:
Dungeon (11/15)            Temple (0/1) D:4            Lair (4/6) D:11
 Shoals (0/4) Lair:2       Spider (0/4) Lair:4          Orc (0/2) D:11

Altars:
Fedhas
Gozag
Hepliaklqana
Kikubaaqudgha
Okawaru
Qazlal
Ru
Trog
Uskayaw
Xom
Zin
The Shining One

Shops:
D:4 [   D:5 (   D:7 [   D:11 *

Annotations:
Lair:1 exclusion: 2 oklob plants


Innate Abilities, Weirdness & Mutations

You are too large for most types of armour.
You have claws for hands.
Your metabolism is lightning-fast.
You like to eat raw meat.
Your natural rate of healing is unusually fast.
You are covered in fur. (AC +1)
You have very tough skin. (AC +2)
You have large cloven feet.
You are partially covered in iridescent scales. (AC +2)
You are partially covered in yellow scales. (AC +2)
You have supernaturally acute eyesight. (SInv)
You can translocate small distances at will.
Your flesh is heat resistant. (rF+)
Your system is resistant to poisons. (rPois)


Message History

You feel sick. You block the wolf spider's attack.
The wolf spider bites you but does no damage.
Your chaos spawn hits the wolf spider.
The wolf spider is engulfed in flames.
Unknown command.
You feel sick.
Xom is getting BORED.
Your chaos spawn barely misses the wolf spider.
The wolf spider hits you but does no damage.
The wolf spider bites you!
* * * LOW HITPOINT WARNING * * *
Unknown command.
Okay, then.
Unknown command.
As you read the scroll of teleportation, it crumbles to dust.
You feel strangely unstable.
You feel sick. The wolf spider barely misses you.
The wolf spider bites you but does no damage.
Your chaos spawn completely misses the wolf spider.
Unknown command.
You feel sick. The wolf spider hits you!
You die...

##..# #...## ##...#
##...## #....#
###...## ####### ###
#..P4..#
##.##.#####.####.s..##
.†.............)@...#
...##.###...#.##.####
####### ##########


You could see a wolf spider and a friendly chaos spawn.

Vanquished Creatures
  Gastronok (Lair:2)
  The ghost of Syneil the Cleaver, a novice MiFi of Okawaru (D:8)
  4 two-headed ogres
  Nergalle (Lair:2)
  A fire crab (Lair:3)
  The ghost of Rationalist the Chopper, a novice MiFi of Trog (D:6)
  Pikel (D:8)
  A necromancer (Lair:2)
  A manticore (Lair:2)
  7 elephants
  Maurice (D:9)
  Joseph (Lair:1)
  2 centaur skeletons
  4 black mambas
  3 spiny frogs
  A rime drake (Lair:2)
  3 komodo dragons
  A queen bee (Lair:3)
  A hornet (D:7)
  6 blink frogs
  8 hippogriffs
  Sigmund (D:2)
  A shadow (D:9)
  A redback (Lair:4)
  A wyvern (Lair:2)
  15 yaks
  3 basilisks
  A hungry ghost (D:7)
  Eustachio (D:5)
  Edmund (D:5)
  An acid dragon (D:11)
  3 water moccasins
  8 porcupines
  A sky beast (D:5)
  An ice beast (D:5)
  4 orc warriors
  A phantom (D:9)
  5 ogres
  10 wolves
  3 centaurs
  2 crocodiles
  2 big kobolds (D:9)
  11 bullfrogs
  2 gnoll sergeants
  A water moccasin zombie (D:11)
  5 scorpions
  3 killer bees (D:8)
  4 wights (D:9)
  An electric eel (Lair:4)
  A howler monkey (D:8)
  2 bullfrog zombies
  A centaur zombie (D:11)
  3 crimson imps
  2 jellies
  A gnoll shaman (D:7)
  5 hounds
  7 orc priests
  Crazy Yiuf (D:5)
  9 orc wizards
  Jessica (D:3)
  6 worker ants
  A bullfrog skeleton (D:6)
  An iguana (D:8)
  3 yak simulacra (Lair:2)
  3 polar bear simulacra (Lair:2)
  A killer bee zombie (D:8)
  2 wolf simulacra (Lair:2)
  5 hound zombies
  4 hound skeletons
  A howler monkey zombie (D:10)
  A worker ant zombie (D:8)
  Robin (D:4)
  8 adders
  19 gnolls
  A howler monkey skeleton (D:6)
  5 shadow imps
  An ooze (D:1)
  An adder zombie (D:6)
  5 worms
  2 dart slugs (D:3)
  8 leopard geckos
  61 orcs
  3 ball pythons
  2 giant cockroaches
  12 goblins
  7 hobgoblins
  2 jackals (D:1)
  9 kobolds
  2 quokkas
  6 bats
  3 frilled lizards
  A jackal skeleton (D:4)
  A quokka skeleton (D:6)
  2 quokka zombies
  5 rats
  3 river rat simulacra (Lair:2)
374 creatures vanquished.

Vanquished Creatures (collateral kills)
  A two-headed ogre (D:8)
  A rime drake (Lair:1)
  2 yaks (Lair:2)
  A worm (D:2)
  A bat (D:2)
  A plant (Lair:1)
7 creatures vanquished.

Vanquished Creatures (others)
  A spiny frog (Lair:1)
  2 slaves (D:8)
  A human (D:2)
  A bullfrog (D:8)
  An adder (D:2)
  A leopard gecko (D:2)
  A kobold (D:2)
  6 fungi
  5 plants
19 creatures vanquished.

Grand Total: 400 creatures vanquished

Notes
Turn   | Place    | Note
-------+----------+-------------------------------------------
     0 | D:1      | wowwow the Troll Chaos Knight began the quest for the Orb.
     0 | D:1      | Reached XP level 1. HP: 22/22 MP: 0/0
   232 | D:1      | Reached XP level 2. HP: 25/29 MP: 1/1
   311 | D:1      | XOM: god gift: metallic dark potion {god gift}
   579 | D:1      | XOM: divination: detect creatures
   938 | D:2      | Noticed Sigmund
   939 | D:2      | Found an ancient bone altar of Kikubaaqudgha.
   944 | D:2      | XOM: scenery: create altars
   946 | D:2      | XOM: confusion (+ monsters)
   950 | D:2      | XOM: destruction
   974 | D:2      | XOM: summons friendly white imp
   977 | D:2      | XOM: cleaving
   980 | D:2      | Reached XP level 3. HP: 31/36 MP: 2/2
   984 | D:2      | Killed Sigmund
   984 | D:2      | Reached skill level 5 in Unarmed Combat
   984 | D:2      | Reached XP level 4. HP: 29/45 MP: 3/3
   984 | D:2      | Reached XP level 5. HP: 34/53 MP: 4/4
  1096 | D:2      | XOM: give mutations
  1096 | D:2      | Gained mutation: You are partially covered in slimy green scales. (AC +2) [Xom's mischief]
  1096 | D:2      | Gained mutation: Your spells are a little harder to cast, but a little more powerful. [Xom's mischief]
  1096 | D:2      | Gained mutation: You are weak. (Str -2) [Xom's mischief]
  1181 | D:2      | Noticed a human
  1182 | D:2      | Killed a human
  1500 | D:2      | XOM: give mutations
  1500 | D:2      | Gained mutation: You are frail. (-10% HP) [Xom's mischief]
  1500 | D:2      | Gained mutation: You are dopey. (Int -2) [Xom's mischief]
  1712 | D:3      | Noticed Jessica
  1717 | D:3      | Killed Jessica
  1961 | D:3      | XOM: mild Conj miscast
  1984 | D:3      | XOM: enchant monster (bad)
  2000 | D:3      | XOM: smoke on damage
  2026 | D:3      | Lost mutation: You are frail. (-10% HP) [potion of mutation]
  2026 | D:3      | Lost mutation: You are dopey. (Int -2) [potion of mutation]
  2026 | D:3      | Lost mutation: You are weak. (Str -2) [potion of mutation]
  2026 | D:3      | Lost mutation: Your spells are a little harder to cast, but a little more powerful. [potion of mutation]
  2026 | D:3      | Gained mutation: You have large cloven feet. [potion of mutation]
  2026 | D:3      | Gained mutation: You have hoof-like feet. [potion of mutation]
  2030 | D:3      | Reached XP level 6. HP: 17/62 MP: 5/5
  2155 | D:3      | XOM: enchant monster (good)
  2521 | D:4      | Reached skill level 6 in Unarmed Combat
  2689 | D:4      | Found a shimmering altar of Xom.
  2719 | D:4      | Noticed Robin
  2722 | D:4      | XOM: harmless Tmut miscast
  2745 | D:4      | XOM: enchant monster (bad)
  2750 | D:4      | Killed Robin
  2891 | D:4      | XOM: confuse monster(s)
  2895 | D:4      | Reached XP level 7. HP: 70/70 MP: 6/6
  2928 | D:4      | Found Uduikkam's Armour Shoppe.
  3026 | D:4      | Found a staircase to the Ecumenical Temple.
  3221 | D:5      | Entered Level 5 of the Dungeon
  3241 | D:5      | Noticed Edmund
  3243 | D:5      | XOM: noise
  3257 | D:5      | Noticed Eustachio
  3261 | D:5      | Killed Edmund
  3261 | D:5      | Reached skill level 7 in Unarmed Combat
  3276 | D:5      | XOM: swap monsters
  3280 | D:5      | Killed Eustachio
  3536 | D:5      | Found a stormy altar of Qazlal.
  3578 | D:5      | Found a runed door.
  3582 | D:5      | Noticed Crazy Yiuf
  3588 | D:5      | Killed Crazy Yiuf
  3658 | D:5      | XOM: confuse monster(s)
  3660 | D:5      | Reached skill level 5 in Fighting
  3660 | D:5      | Reached skill level 8 in Unarmed Combat
  3673 | D:5      | Reached XP level 8. HP: 68/80 MP: 7/7
  3727 | D:5      | Found a glowing golden altar of the Shining One.
  3746 | D:5      | Found Wydwobbe's Weapon Boutique.
  3780 | D:5      | XOM: confuse monster(s)
  4064 | D:5      | XOM: noise
  4081 | D:6      | Reached skill level 9 in Unarmed Combat
  4182 | D:6      | Noticed Rationalist's ghost (novice MiFi)
  4185 | D:6      | XOM: harmless Hex miscast
  4196 | D:6      | Killed Rationalist's ghost
  4196 | D:6      | Reached skill level 10 in Unarmed Combat
  4196 | D:6      | Reached XP level 9. HP: 30/89 MP: 8/8
  4503 | D:6      | Found an ancient bone altar of Kikubaaqudgha.
  4948 | D:7      | Paralysed by a hornet for 1 turns
  4956 | D:7      | Reached skill level 1 in Shields
  5167 | D:7      | XOM: potion effect (haste)
  5251 | D:7      | Found Kiapp's Antique Armour Emporium.
  5358 | D:7      | XOM: harmless Necr miscast
  5411 | D:7      | XOM: summons 4 hostile demons
  5440 | D:7      | XOM: mild Pois miscast
  5442 | D:7      | XOM: blink monster(s)
  5536 | D:7      | XOM: give mutations
  5536 | D:7      | Gained mutation: You occasionally shout uncontrollably at your foes. [Xom's mischief]
  5536 | D:7      | Lost mutation: You have hoof-like feet. [Xom's mischief]
  5553 | D:7      | XOM: chaos upgrade
  5564 | D:7      | Reached skill level 11 in Unarmed Combat
  5747 | D:7      | Found a hide-covered altar of Uskayaw.
  5747 | D:7      | Found a blossoming altar of Fedhas.
  5808 | D:8      | XOM: enchant monster (bad)
  5815 | D:8      | XOM: polymorph ice beast -> porcupine
  5926 | D:8      | Noticed a two-headed ogre
  5932 | D:8      | XOM: confuse monster(s)
  5936 | D:8      | Noticed Pikel
  5938 | D:8      | Killed a two-headed ogre
  5941 | D:8      | Killed Pikel
  5941 | D:8      | Reached XP level 10. HP: 71/102 MP: 9/9
  6021 | D:8      | Found an iron altar of Okawaru.
  6112 | D:8      | XOM: confuse monster(s)
  6304 | D:8      | Reached skill level 12 in Unarmed Combat
  6331 | D:8      | Noticed Syneil's ghost (novice MiFi)
  6357 | D:8      | Killed Syneil's ghost
  6631 | D:8      | XOM: god gift: glowing quarterstaff {god gift}
  6914 | D:8      | Noticed a two-headed ogre
  6919 | D:8      | Killed a two-headed ogre
  6933 | D:8      | XOM: 7-stop teleportation journey
  7287 | D:9      | Found a hazy altar of Hepliaklqana.
  7296 | D:9      | Found a glowing silver altar of Zin.
  7302 | D:9      | Found a sacrificial altar of Ru.
  7304 | D:9      | Found a bloodstained altar of Trog.
  7305 | D:9      | Found an opulent altar of Gozag.
  7357 | D:9      | XOM: 1-stop teleportation journey
  7365 | D:9      | XOM: 2-stop teleportation journey
  7695 | D:9      | Noticed Maurice
  7702 | D:9      | Killed Maurice
  7874 | D:10     | Entered Level 10 of the Dungeon
  8261 | D:10     | XOM: god gift: bread ration
  8383 | D:10     | Noticed a two-headed ogre
  8389 | D:10     | XOM: summons 10 friendly demons
  8390 | D:10     | Killed a two-headed ogre
  8390 | D:10     | Reached skill level 5 in Shields
  8390 | D:10     | Reached skill level 13 in Unarmed Combat
  8390 | D:10     | Reached XP level 11. HP: 55/111 MP: 10/10
  8607 | D:10     | XOM: smoke on damage
  8726 | D:9      | XOM: give mutations
  8726 | D:9      | Gained mutation: You have a pair of small antennae on your head. [Xom's grace]
  8726 | D:9      | Gained mutation: You are agile. (Dex +2) [Xom's grace]
  8726 | D:9      | Gained mutation: You are partially covered in yellow scales. (AC +2) [Xom's grace]
  8949 | D:11     | XOM: god gift: 14 sling bullets
  9022 | D:11     | Noticed a six-headed hydra
  9024 | D:11     | XOM: fog
  9168 | D:11     | XOM: summons friendly ufetubus
  9187 | D:11     | Noticed a two-headed ogre
  9191 | D:11     | XOM: scenery: 1 doors open
  9192 | D:11     | XOM: scenery: 2 doors close
  9199 | D:11     | Killed a two-headed ogre
  9310 | D:11     | XOM: god gift: steaming amber ring {god gift}
  9311 | D:11     | Got a steaming amber ring {god gift}
  9314 | D:11     | Identified the ring "Seqapeg" {rF+ SInv} (Xom gifted it to you on level 11 of the Dungeon)
  9329 | D:11     | Found a hide-covered altar of Uskayaw.
  9474 | D:11     | XOM is BORED!
  9474 | D:11     | XOM: give mutations
  9474 | D:11     | Lost mutation: You are agile. (Dex +2) [Xom's mischief]
  9474 | D:11     | Lost mutation: You have a pair of small antennae on your head. [Xom's mischief]
  9474 | D:11     | Lost mutation: You are partially covered in slimy green scales. (AC +2) [Xom's mischief]
  9502 | D:11     | XOM: confusion (+ monsters)
  9518 | D:11     | XOM: divination: detect items
  9523 | D:11     | XOM: potion effect (agility)
  9544 | D:11     | XOM: cast spell 'Alistair's Intoxication'
  9545 | D:11     | Noticed a catoblepas
  9545 | D:11     | a seven-headed hydra changed into a catoblepas
  9545 | D:11     | XOM: polymorph seven-headed hydra -> catoblepas
  9577 | D:11     | Found Poyleik's General Store.
  9748 | D:11     | Found a staircase to the Orcish Mines.
  9849 | D:11     | Found a staircase to the Lair.
  9852 | Lair:1   | Entered Level 1 of the Lair of Beasts
 10002 | Lair:1   | XOM: medium Hex miscast
 10028 | Lair:1   | Noticed an oklob plant
 10028 | Lair:1   | Noticed an oklob plant
 10034 | Lair:1   | XOM: give mutations
 10034 | Lair:1   | Lost mutation: You occasionally shout uncontrollably at your foes. [Xom's mischief]
 10034 | Lair:1   | Gained mutation: You are weak. (Str -2) [Xom's mischief]
 10034 | Lair:1   | Gained mutation: You are dopey. (Int -2) [Xom's mischief]
 10038 | Lair:1   | XOM: harmless Summ miscast
 10041 | Lair:1   | XOM: harmless Ice miscast
 10046 | Lair:1   | XOM: divine lightning
 10416 | Lair:1   | XOM: noise
 10417 | Lair:1   | XOM: harmless Hex miscast
 10432 | Lair:1   | XOM: confuse monster(s)
 10447 | Lair:1   | XOM: summons 11 friendly demons
 10466 | Lair:1   | Noticed a six-headed hydra
 10705 | Lair:1   | XOM: snakes to sticks
 10725 | Lair:1   | Noticed Joseph
 10726 | Lair:1   | XOM: give mutations
 10726 | Lair:1   | Gained mutation: Your flesh is heat resistant. (rF+) [Xom's grace]
 10726 | Lair:1   | Gained mutation: You are partially covered in molten scales. (AC +2) [Xom's grace]
 10726 | Lair:1   | Gained mutation: You have supernaturally acute eyesight. (SInv) [Xom's grace]
 10726 | Lair:1   | Gained mutation: You can translocate small distances at will. [Xom's grace]
 10731 | Lair:1   | XOM: scenery: create altars
 10741 | Lair:1   | Killed Joseph
 10909 | Lair:1   | XOM: harmless Tloc miscast
 11014 | Lair:1   | XOM: give mutations
 11014 | Lair:1   | Gained mutation: You are partially covered in iridescent scales. (AC +2) [Xom's grace]
 11014 | Lair:1   | Gained mutation: Your system is resistant to poisons. (rPois) [Xom's grace]
 11049 | Lair:2   | XOM: give mutations
 11049 | Lair:2   | Lost mutation: You are dopey. (Int -2) [Xom's grace]
 11049 | Lair:2   | Gained mutation: You have hoof-like feet. [Xom's grace]
 11049 | Lair:2   | Gained mutation: You are agile. (Dex +2) [Xom's grace]
 11049 | Lair:2   | Gained mutation: You are robust. (+10% HP) [Xom's grace]
 11060 | Lair:2   | XOM: summons 2 friendly demons
 11116 | Lair:2   | XOM: give mutations
 11116 | Lair:2   | Lost mutation: You are robust. (+10% HP) [Xom's mischief]
 11116 | Lair:2   | Lost mutation: You are agile. (Dex +2) [Xom's mischief]
 11139 | Lair:2   | XOM: cast spell 'Necromutation'
 11142 | Lair:2   | Reached skill level 14 in Unarmed Combat
 11144 | Lair:2   | XOM: god gift: halberd {god gift}
 11191 | Lair:2   | Noticed Nergalle
 11196 | Lair:2   | XOM: noise
 11199 | Lair:2   | XOM: divination: magic mapping
 11204 | Lair:2   | Killed Nergalle
 11216 | Lair:2   | XOM: silly message
 11285 | Lair:2   | XOM: destruction
 11292 | Lair:2   | XOM: enchant monster (good)
 11293 | Lair:2   | XOM: noise
 11302 | Lair:2   | Reached XP level 12. HP: 103/123 MP: 11/11
 11455 | Lair:2   | Found a staircase to the Shoals.
 11749 | Lair:2   | XOM: cloud trail
 11834 | Lair:2   | XOM: give mutations
 11834 | Lair:2   | Lost mutation: You are partially covered in molten scales. (AC +2) [Xom's mischief]
 11834 | Lair:2   | Lost mutation: You can translocate small distances at will. [Xom's mischief]
 11834 | Lair:2   | Lost mutation: You are weak. (Str -2) [Xom's mischief]
 11894 | Lair:2   | XOM: enchant monster (bad)
 12034 | Lair:2   | XOM: 2-stop teleportation journey
 12071 | Lair:2   | Noticed Gastronok
 12082 | Lair:2   | XOM: noise
 12084 | Lair:2   | Killed Gastronok
 12306 | Lair:2   | XOM: give mutations
 12306 | Lair:2   | Lost mutation: You have hoof-like feet. [Xom's mischief]
 12306 | Lair:2   | Gained mutation: You can translocate small distances at will. [Xom's mischief]
 12306 | Lair:2   | Gained mutation: Your muscles are strong. (Str +2) [Xom's mischief]
 12306 | Lair:2   | Lost mutation: Your muscles are strong. (Str +2) [Xom's mischief]
 12347 | Lair:2   | Reached skill level 15 in Unarmed Combat
 12748 | Lair:2   | XOM: divination: magic mapping
 12878 | Lair:3   | XOM: 1-stop teleportation journey
 12899 | Lair:3   | XOM: 3-stop teleportation journey
 12927 | Lair:3   | XOM: polymorph spiny frog -> queen bee
 12929 | Lair:3   | XOM: potion effect (haste)
 13211 | Lair:3   | XOM: potion effect (brilliance)
 13214 | Lair:3   | XOM: silly message
 13225 | Lair:3   | Reached skill level 10 in Fighting
 13354 | Lair:3   | XOM: harmless Conj miscast
 13463 | Lair:3   | XOM: divination: detect creatures
 13464 | Lair:3   | XOM: polymorph spiny frog -> fire crab
 13641 | Lair:4   | XOM: mild Necr miscast
 13683 | Lair:4   | XOM: mild Pois miscast
 13780 | Lair:4   | XOM: harmless Summ miscast
 13944 | Lair:4   | XOM: harmless Fire miscast
 14070 | Lair:4   | XOM: harmless Air miscast
 14082 | Lair:4   | XOM: mild Ice miscast
 14271 | Lair:4   | XOM: harmless Fire miscast
 14340 | Lair:4   | Found a hole to the Spider Nest.
 14343 | Lair:4   | XOM: mild Air miscast
 14462 | Lair:4   | XOM: confusion (+ monsters)
 14486 | Lair:4   | Reached XP level 13. HP: 127/133 MP: 12/12
 14487 | Lair:4   | XOM: enchant monster (bad)
 14490 | Lair:4   | XOM: polymorph elephant -> two-headed ogre
 14526 | Lair:4   | XOM: god gift: 11 royal jellies
 14554 | Lair:4   | XOM: polymorph jumping spider -> orb spider
 14572 | Lair:3   | XOM: summons friendly chaos spawn
 14577 | Lair:3   | Slain by a wolf spider

Vault maps used:
D:1:      minmay_arrival_hallway
D:2:      cheibrodos_old_hovel, tgw_kikubaaqudgha, uniq_sigmund
D:3:      uniq_jessica
D:4:      nicolae_overflow_hidden_temple, lemuel_temple_firewalk_a,
          serial_shops, shop, uniq_robin
D:5:      grunt_qazlal_sundering, tso_metal_star, serial_shops,
          nicolae_shop_trees, first_bread, minmay_crossroads, uniq_eustachio,
          uniq_edmund, uniq_crazy_yiuf_cottage
D:6:      serial_undead, serial_undead_c, serial_undead_b, serial_undead_b,
          serial_undead_f, lemuel_tele_altar
D:7:      gammafunk_temple_overflow_elements, serial_shops, shop
D:8:      grunt_ogre_cave, okawaru_metal_pillars_1_2, uniq_pikel
D:9:      grunt_temple_overflow_open, uniq_maurice
D:10:     lightli_orcish_oven
D:11:     lair_entry_dummy, orc_0_dummy, serial_shops, kennysheep_mini_moat,
          basic_altar
Lair:1:   minmay_lair_oklob_chamber, uniq_joseph
Lair:2:   minmay_shoals_entry_beasts, eino_house_with_fridge,
          grunt_megastairs_1, uniq_gastronok, uniq_nergalle
Lair:3:   cheibrodos_lair_reptile_den
Lair:4:   spider_nest_entry_funnel_web

Skill      XL: |  1  2  3  4  5  6  7  8  9 10 11 12 |
---------------+-------------------------------------+-----
Fighting       | 3 4 5 6 7 8 9 10 | 10.3
Unarmed Combat | 5 6 8 10 11 13 14 15 | 15.8
Shields        | 3 5 6 7 |  7.5
Dodging        | 3 |  3.6

Action                   |  1- 3 |  4- 6 |  7- 9 | 10-12 | 13-15 || total
-------------------------+-------+-------+-------+-------+-------++-------
Melee: Unarmed           |    71 |   137 |   260 |   651 |    23 ||  1142
       Punch             |       |     3 |     7 |       |       ||    10
       Kick              |       |    15 |    62 |   177 |    10 ||   264
Evoke: Wand              |       |       |       |       |     1 ||     1
  Use: Potion            |     3 |     2 |     5 |     6 |       ||    16
       Scroll            |       |     6 |     4 |    15 |     1 ||    26
 Stab: Confused          |       |       |     3 |       |       ||     3
       Sleeping          |       |       |       |     1 |       ||     1
  Eat: Chunk             |     6 |    24 |    24 |    67 |     3 ||   124
       Bread ration      |       |       |       |     3 |       ||     3
Armor: Robe              |    39 |    41 |   108 |   152 |     8 ||   348
Dodge: Dodged            |    50 |    62 |    75 |   182 |    14 ||   383
Block: Shield            |       |       |    35 |   236 |    14 ||   285
